 Dungeon Crawl Stone Soup version 0.22.1-2-g9c5b331383 (webtiles) character file.

2075 Forgol the Grappler (level 9, -11/78 (79) HPs)
             Began as a Ghoul Monk on Jan 3, 2019.
             Mangled by an orc warrior
             ... wielding a +0 war axe
              (12 damage)
             ... on level 7 of the Dungeon.
             The game lasted 00:23:41 (7503 turns).

Forgol the Grappler (Ghoul Monk)                    Turns: 7503, Time: 00:23:42

HP:   -11/78 (79)   AC:  9    Str: 18    XL:     9   Next: 26%
MP:   8/8           EV:  8    Int:  5    God:
Gold: 292           SH:  0    Dex: 11    Spells: 8/8 levels left

rFire    + . .     SeeInvis .     - Unarmed
rCold    . . .     Gourm    .   (no shield)
rNeg     + + +     Faith    .   t - +0 chain mail
rPois    ∞         Spirit   .   h - +0 helmet
rElec    .         Reflect  .   (no cloak)
rCorr    .         Harm     .   (no gloves)
MR       .....                  (no boots)
Stlth    ..........             (no amulet)
HPRegen  0.00/turn              o - ring of fire
MPRegen  0.11/turn              (no ring)

@: rotting
A: rotting body, claws 1, carnivore, cold resistance 1, negative energy
resistance 3, inhibited regeneration, torment resistance, unbreathing
a: no special abilities


You were on level 7 of the Dungeon.
You were not hungry.

You visited 1 branch of the dungeon, and saw 7 of its levels.

You collected 292 gold pieces.

Inventory:

Missiles
 f - 261 stones (quivered)
Armour
 a - a +0 robe
 g - a +0 ring mail
 h - a +0 helmet (worn)
 q - a cursed +0 robe
 t - a +0 chain mail (worn)
Jewellery
 n - an uncursed ring of attention
 o - a ring of fire (left claw)
 y - an uncursed ring of protection from cold {unknown}
 F - the ring of Kindness {Ice +Inv MR+ Str+3 Int-5, unknown}
   (You found it on level 7 of the Dungeon)

   [ring of ice]

   It enhances your ice magic.
   It affects your strength (+3).
   It affects your intelligence (-5).
   It makes you vulnerable to fire.
   It protects you from cold.
   It affects your resistance to hostile enchantments.
   It lets you turn invisible.
Wands
 l - a wand of iceblast (18)
 m - a wand of scattershot (5)
Scrolls
 e - 6 scrolls of remove curse
 k - a scroll of fog {unknown}
 p - 5 scrolls of identify {unknown}
 u - a scroll of amnesia {unknown}
 w - 3 scrolls of fear {unknown}
 x - 2 scrolls of immolation {unknown}
 B - a scroll of magic mapping {unknown}
 E - a scroll of random uselessness {unknown}
Potions
 c - 2 potions of might {unknown}
 d - 2 potions of invisibility {unknown}
 i - a potion of flight {unknown}
 j - 7 potions of curing {unknown}
 r - a potion of ambrosia {unknown}
 s - 2 potions of lignification {unknown}
 v - a potion of cancellation {unknown}
 z - a potion of brilliance {unknown}
 A - a potion of mutation {unknown}
 C - a potion of agility {unknown}
Comestibles
 b - 15 rations
 D - 3 chunks of flesh


   Skills:
 + Level 7.1 Fighting
 + Level 5.1 Dodging
 - Level 4.5 Stealth
 * Level 10.0 Unarmed Combat


You had 8 spell levels left.
You didn't know any spells.
Your spell library was empty.

Dungeon Overview and Level Annotations

Branches:
Dungeon (7/15)
 Temple: D:4-7

Altars:
Gozag
Xom


Innate Abilities, Weirdness & Mutations

Your body is rotting away.
You thrive on raw meat.
You are immune to poison.
You have sharp fingernails.
You are carnivorous and can eat meat at any time.
Your flesh is cold resistant. (rC+)
You are immune to negative energy. (rN+++)
You do not regenerate when monsters are visible.
You are immune to unholy pain and torment.
You can survive without breathing.


Message History

The orc warrior is heavily wounded.
The orc warrior hits you with a war axe!
* * * LOW HITPOINT WARNING * * *
You scratch the orc warrior but do no damage.
The orc warrior is heavily wounded.
You scratch the orc warrior.
The orc warrior is severely wounded.
The orc warrior hits you with a war axe!
* * * LOW HITPOINT WARNING * * *
You claw the orc warrior!
The orc warrior is almost dead.
The orc warrior hits you with a war axe.
* * * LOW HITPOINT WARNING * * *
You closely miss the orc warrior.
The orc warrior is almost dead.
You feel your flesh rotting away.
You barely miss the orc warrior.
The orc warrior is almost dead.
The orc warrior hits you with a war axe!
You die...

......# ....#.# ...
....#.# #.# ..###.#
#.# #.###.### ..# ###
........# #.#...
......#.# #.####.#.##
......#.# #....o....#
..###.# # ######@##.#
....#.#. #...))....#
....#.#. #.####..###
#...#.#.###.......#
#.#)#.#......####...
......#...........###
#.......#....####.#
........#.#### .#
......#.#.#


You could see an orc warrior.

Vanquished Creatures
  Grinder (D:3)
  The ghost of Skull the Digger, an amateur GrEE (D:4)
  Sigmund (D:3)
  Duvessa (D:6)
  An orc warrior (D:7)
  A necrophage (D:6)
  4 ogres
  A phantom (D:6)
  A centaur (D:5)
  Blork the orc (D:6)
  A bullfrog (D:6)
  Dowan (D:6)
  2 howler monkeys
  A crimson imp (D:6)
  2 centaur skeletons
  A gnoll shaman (D:5)
  Terence (D:2)
  An iguana (D:5)
  2 orc wizards
  Ijyb (D:2)
  A worker ant (D:4)
  A killer bee zombie (D:5)
  A hound zombie (D:5)
  5 gnolls (D:5)
  An adder (D:3)
  2 hound simulacra (D:4)
  A river rat (D:6)
  2 shadow imps
  2 white imps (D:4)
  An ooze (D:5)
  2 dart slugs
  4 leopard geckos
  11 orcs
  10 giant cockroaches
  5 hobgoblins
  7 jackals
  6 kobolds
  4 quokkas
  2 ball pythons
  6 bats
  8 frilled lizards
  A giant cockroach simulacrum (D:4)
  18 goblins
  A jackal simulacrum (D:4)
  A leopard gecko simulacrum (D:4)
  8 rats
137 creatures vanquished.

Notes
Turn   | Place    | Note
-------+----------+-------------------------------------------
     0 | D:1      | Forgol the Ghoul Monk began the quest for the Orb.
     0 | D:1      | Reached XP level 1. HP: 19/19 MP: 0/0
    77 | D:1      | Reached XP level 2. HP: 8/26 MP: 1/1
    94 | D:1      | Reached skill level 4 in Unarmed Combat
   795 | D:1      | Reached XP level 3. HP: 29/31 MP: 2/2
  1316 | D:2      | Noticed Terence
  1318 | D:2      | Noticed Ijyb
  1345 | D:2      | Killed Ijyb
  1345 | D:2      | Reached skill level 5 in Unarmed Combat
  1345 | D:2      | Reached XP level 4. HP: 26/38 MP: 3/3
  1355 | D:2      | Killed Terence
  2070 | D:3      | Found an opulent altar of Gozag.
  2129 | D:3      | Noticed Grinder
  2151 | D:3      | Paralysed by Grinder for 6 turns
  2157 | D:3      | Killed Grinder
  2157 | D:3      | Reached skill level 6 in Unarmed Combat
  2157 | D:3      | Reached XP level 5. HP: 22/47 MP: 4/4
  2157 | D:3      | Reached XP level 6. HP: 25/53 MP: 5/5
  2499 | D:3      | Noticed Sigmund
  2523 | D:3      | Killed Sigmund
  2523 | D:3      | Reached XP level 7. HP: 40/60 MP: 6/6
  2927 | D:4      | Reached skill level 7 in Unarmed Combat
  3281 | D:4      | Noticed Skull's ghost (amateur GrEE)
  3306 | D:4      | Found a runed gate.
  3467 | D:4      | Reached skill level 5 in Fighting
  3778 | D:4      | Found a runed gate.
  3779 | D:4      | Found a runed gate.
  4014 | D:4      | Killed Skull's ghost
  4014 | D:4      | Reached XP level 8. HP: 50/68 MP: 7/7
  4130 | D:4      | Reached skill level 8 in Unarmed Combat
  4175 | D:5      | Entered Level 5 of the Dungeon
  4199 | D:5      | Found a sand-covered staircase.
  4528 | D:4      | HP: 2/66 [worker ant (4)]
  5363 | D:6      | Noticed Blork the orc
  5382 | D:6      | Killed Blork the orc
  5652 | D:6      | Reached skill level 9 in Unarmed Combat
  5659 | D:6      | Noticed Duvessa
  5659 | D:6      | Noticed Dowan
  5717 | D:6      | Killed Duvessa
  5900 | D:6      | Killed Dowan
  6184 | D:6      | Found a shimmering altar of Xom.
  6513 | D:6      | Reached XP level 9. HP: 32/78 MP: 8/8
  6897 | D:6      | Reached skill level 5 in Dodging
  7088 | D:7      | Got a sparkling bone ring
  7215 | D:7      | Reached skill level 10 in Unarmed Combat
  7501 | D:7      | HP: 1/79 [orc warrior/war axe (4)]
  7503 | D:7      | Mangled by an orc warrior

Skill      XL: |  1  2  3  4  5  6  7  8  9 |
---------------+----------------------------+-----
Unarmed Combat | 4 5 6 7 9 10 | 10.0
Stealth        | 3 4 |  4.5
Fighting       | 4 5 6 7 |  7.1
Dodging        | 3 4 5 |  5.1

Action                   |  1- 3 |  4- 6 |  7- 9 || total
-------------------------+-------+-------+-------++-------
Melee: Unarmed           |    90 |    71 |   347 ||   508
       Punch             |       |     1 |     5 ||     6
Throw: Stone             |       |    16 |       ||    16
  Use: Scroll            |     1 |       |     1 ||     2
 Stab: Sleeping          |     3 |     2 |     2 ||     7
  Eat: Chunk             |     1 |     5 |    15 ||    21
       Ration            |       |       |     1 ||     1
Armor: Robe              |    13 |     2 |     2 ||    17
       Ring mail         |       |    11 |     5 ||    16
       Skin              |       |     2 |       ||     2
       Chain mail        |       |       |   116 ||   116
Dodge: Dodged            |    55 |    35 |   117 ||   207
